 Dungeon Crawl Stone Soup version 0.29.1-2-gbd0b4ee654 (webtiles) character file.

Game seed: 12318275560193070596

911 GorkyZ the Shield-Bearer (level 8, -3/61 HPs)
             Began as a Formicid Fighter on Nov 22, 2022.
             Shot with an arrow by a centaur (11 damage)
             ... on level 6 of the Dungeon.
             The game lasted 00:21:22 (4263 turns).

GorkyZ the Shield-Bearer (Formicid Fighter)         Turns: 4263, Time: 00:21:23

Health: -3/61      AC: 12    Str: 23    XL:     8   Next: 30%
Magic:  8/8        EV: 12    Int:  8    God:
Gold:   340        SH:  5    Dex: 13    Spells: 7/7 levels left

rFire   . . .      SeeInvis +   f - +2 spear (venom)
rCold   . . .      Faith    .   c - +0 buckler
rNeg    . . .      Spirit   .   k - +0 chain mail
rPois   .          Reflect  .   (helmet unavailable)
rElec   .          Harm     .   (no cloak)
rCorr   .          Rampage  .   x - +0 pair of gloves
Will    .....                   e - +0 pair of boots
Stlth   ..........              u - amulet of regeneration
HPRegen 1.00/turn               C - +4 ring of evasion
MPRegen 0.11/turn               (no ring)

@: no status effects
A: permanent stasis, dig shafts and tunnels, antennae 3, four strong arms
a: Dig, Shaft Self


You were on level 6 of the Dungeon.
You visited 2 branches of the dungeon, and saw 7 of its levels.
You also visited: Ossuary.

You collected 340 gold pieces.

Inventory:

Hand Weapons
 a - a +0 war axe
 f - a +2 spear of venom (weapon)
 h - a +3 dagger
 l - a +2 hand axe of distortion
 s - a +0 halberd
 K - a +0 spear
 L - a +2 flail of holy wrath
Missiles
 y - 4 curare-tipped darts (quivered)
 D - 4 poisoned darts
Armour
 b - a +0 scale mail
 c - a +0 buckler (worn)
 e - a +0 pair of boots (worn)
 k - a +0 chain mail (worn)
 x - a +0 pair of gloves (worn)
Jewellery
 j - an amulet of the acrobat
 u - an amulet of regeneration (around neck)
 C - a +4 ring of evasion (left hand)
Wands
 G - a wand of flame (7)
Scrolls
 i - 5 scrolls of torment {unknown}
 m - 3 scrolls of vulnerability {unknown}
 o - 5 scrolls of teleportation {unknown}
 p - 2 scrolls of immolation {unknown}
 r - a scroll of fear {unknown}
 t - 3 scrolls of enchant armour {unknown}
 v - a scroll of silence {unknown}
 w - a scroll of magic mapping {unknown}
 B - a scroll of poison {unknown}
 E - a scroll of blinking {unknown}
 F - a scroll of brand weapon {unknown}
Potions
 d - 3 potions of might
 g - 2 potions of heal wounds
 n - a potion of brilliance
 q - 2 potions of degeneration
 z - a potion of mutation
 A - 2 potions of berserk rage


   Skills:
 + Level 4.7 Fighting
 + Level 3.7(4.1) Axes
 + Level 2.3(3.4) Polearms
 + Level 2.9 Throwing
 + Level 4.8 Armour
 + Level 2.5 Dodging
 + Level 5.8 Shields
 + Level 3.1 Evocations


You had 7 spell levels left.
You didn't know any spells.
Your spell library contained the following spells:

 Spells                   Type           Power      Damage    Failure   Level
 Olgreb's Toxic Radiance  Pois           0%         N/A       100%        4
 Ozocubu's Refrigeration  Ice            0%         4d7       100%        7
 Ignition                 Fire           0%         3d3       100%        8


Dungeon Overview and Level Annotations

Branches:
Dungeon (6/15)             Temple (1/1) D:5         Ossuary (visited)

Altars:
Cheibriados
Dithmenos
Fedhas
Gozag
Kikubaaqudgha
Makhleb
Nemelex Xobeh
Okawaru
Ru
Sif Muna
Uskayaw
Wu Jian
Xom
Yredelemnul


Innate Abilities, Weirdness & Mutations

You cannot be hasted, slowed, berserked, paralysed or teleported.
You can dig through walls and to a lower floor.
You have a pair of large antennae on your head. (SInv)
Your four strong arms can wield two-handed weapons with a shield.


Message History

The four-headed hydra is moderately wounded.
The centaur shoots an arrow.
The arrow completely misses you.
The four-headed hydra closely misses you.
The four-headed hydra bites you but does no damage.
The four-headed hydra bites you. The four-headed hydra misses you.
You hit the four-headed hydra.
The four-headed hydra looks as sick as possible!
The four-headed hydra is moderately wounded.
The four-headed hydra completely misses you.
The four-headed hydra bites you.
The four-headed hydra barely misses you. x2
The centaur shoots an arrow.
You block the arrow.
You are too injured to fight recklessly!
The centaur shoots an arrow.
The arrow hits you but does no damage.
The four-headed hydra attacks as you move away!
The four-headed hydra bites you but does no damage.
You block the four-headed hydra's attack.
The four-headed hydra bites you but does no damage.
You block the four-headed hydra's attack.
The centaur shoots an arrow.
The arrow closely misses you.
The centaur shoots an arrow.
The arrow hits you.
The four-headed hydra attacks as you move away!
The four-headed hydra bites you but does no damage. x2
The four-headed hydra bites you!
* * * LOW HITPOINT WARNING * * *
The four-headed hydra bites you.
* * * LOW HITPOINT WARNING * * *
The centaur shoots an arrow.
You block the arrow.
The centaur shoots an arrow.
The arrow hits you.
* * * LOW HITPOINT WARNING * * *
The centaur shoots an arrow.
You block the arrow. The four-headed hydra misses you.
The four-headed hydra bites you!
* * * LOW HITPOINT WARNING * * *
You block the four-headed hydra's attack. x2
The four-headed hydra attacks as you move away!
The four-headed hydra bites you but does no damage.
The four-headed hydra closely misses you. x2
The four-headed hydra bites you but does no damage.
The centaur shoots an arrow.
The arrow hits you!
You die...

#.......<..#
#.........c# #.#
#..........# #.#
#........c.# #.#
##........## #.# .
#.......$..# #.# #.#
#..........#
#.#####...
#..$.....D.###.#.....#
#..........@......#..#
#..........###.......#
##........##
#..###....# ##......##
##..##...### ########
#......# ##...####
#....# ##...#####
######..>......


You could see a four-headed hydra (very poisoned) and a centaur.

Vanquished Creatures
  An ogre (D:4)
  A centaur (D:5)
  2 phantoms (D:5)
  A gnoll sergeant (D:5)
  A hound (D:5)
  A gnoll bouda (D:5)
  3 iguanas
  A jelly (D:4)
  4 mummies (Ossuary)
  8 adders
  14 gnolls
  2 ufetubi
  An adder zombie (Ossuary)
  2 worms
  2 dart slugs
  4 orcs
  5 bats
  10 endoplasms
  3 giant cockroaches
  A gnoll zombie (Ossuary)
  9 goblins
  5 hobgoblins
  3 jackals (D:5)
  11 kobolds
  4 quokkas
  7 ball pythons
  5 frilled lizards
  A goblin zombie (Ossuary)
  3 hobgoblin zombies (Ossuary)
  5 jackal zombies (Ossuary)
  4 rats
  A rat zombie (Ossuary)
125 creatures vanquished.

Notes
Turn   | Place    | Note
-------+----------+-------------------------------------------
     0 | D:1      | GorkyZ the Formicid Fighter began the quest for the Orb.
     0 | D:1      | Reached XP level 1. HP: 18/18 MP: 1/1
   145 | D:1      | Reached XP level 2. HP: 20/24 MP: 2/2
   382 | D:1      | Reached XP level 3. HP: 24/29 MP: 3/3
   623 | D:1      | Found a faded altar of an unknown god.
   860 | D:2      | Reached skill level 1 in Evocations
  1004 | D:2      | Reached XP level 4. HP: 20/36 MP: 4/4
  1215 | D:2      | Reached skill level 1 in Throwing
  1413 | D:3      | Reached skill level 1 in Dodging
  1651 | D:3      | Reached XP level 5. HP: 42/42 MP: 5/5
  1753 | D:3      | Found an opulent altar of Gozag.
  1835 | D:3      | Found a shadowy altar of Dithmenos.
  2267 | D:4      | Reached skill level 1 in Polearms
  2267 | D:4      | Reached XP level 6. HP: 21/48 MP: 6/6
  2315 | D:4      | Noticed an ogre
  2337 | D:4      | Killed an ogre
  2338 | D:4      | Reached skill level 5 in Shields
  2469 | D:4      | Reached XP level 7. HP: 42/54 MP: 7/7
  2636 | D:4      | Found a sparkling altar of Nemelex Xobeh.
  2742 | D:5      | Entered Level 5 of the Dungeon
  2820 | D:5      | Found a staircase to the Ecumenical Temple.
  2944 | Temple   | Entered the Ecumenical Temple
  3078 | D:5      | Found a sand-covered staircase.
  3083 | Ossuary  | Entered an ossuary
  3244 | Ossuary  | Reached XP level 8. HP: 61/61 MP: 8/8
  4249 | D:6      | Noticed a four-headed hydra
  4263 | D:6      | Shot with an arrow by a centaur

Illustrated notes

Levels and vault maps discovered:
D:1:      dpeg_arrival_short_road, layout_basic,
          ebering_ecumenical_altar_abandoned, minmay_small_reverse_x
D:2:      layout_rooms, minmay_heptomino_d4
D:3:      layout_rooms, general_overflow_altar, grunt_dithmenos_smoke,
          grunt_decor_one_mirror
D:4:      layout_cave_pools, nemelex_diamond_rough_becter, minmay_liquid_box
D:5:      layout_cave_pods, minmay_temple_entry_tees, enter_ossuary_5,
          serial_glass, glass_columns_a, glass_columns_c
D:6:      minmay_opposing_rooms, layout_rooms,
          mainiacjoe_overflow_concentric_impassable, minmay_misc_feat_roman,
          nrook_pool_corridor, serial_bayou_ford_a, uniq_menkaure, uniq_grinder
Temple:   jpeg_temple_clearing

Skill      XL: |  1  2  3  4  5  6  7  8 |
---------------+-------------------------+-----
Evocations     | 1 2 3 |  3.1
Throwing       | 1 2 |  2.9
Dodging        | 1 2 |  2.5
Armour         | 4 |  4.8
Polearms       | 1 2 |  2.3
Fighting       | 4 |  4.7
Axes           | 3 |  3.7
Shields        | 5 |  5.8

Action                   |  1- 3 |  4- 6 |  7- 9 || total
-------------------------+-------+-------+-------++-------
Melee: War axe           |    83 |     5 |    10 ||    98
       Halberd           |       |    28 |    24 ||    52
       Spear             |       |    92 |   148 ||   240
Throw: Dart              |       |     2 |       ||     2
  Use: Scroll            |       |     3 |     2 ||     5
       Potion            |       |     1 |     3 ||     4
Armor: Scale mail        |    25 |       |       ||    25
       Chain mail        |    17 |    44 |   109 ||   170
Dodge: Dodged            |    46 |    44 |   128 ||   218
Block: Buckler           |    28 |    30 |    58 ||   116
